 Dungeon Crawl Stone Soup version 0.24-a0-264-gf46a388 (webtiles) character file.

Game seed: 15789608789899416841

120952 mhoghedin the Fighter (level 16, -11/145 HPs)
             Began as a Centaur Fighter on Apr 20, 2019.
             Was an Initiate of Gozag.
             Killed from afar by Aizul (45 damage)
             ... with a poison arrow
             ... on level 2 of the Shoals.
             The game lasted 01:16:01 (30724 turns).

mhoghedin the Fighter (Centaur Fighter)            Turns: 30724, Time: 01:16:02

Health: -11/145    AC: 40    Str: 24    XL:     16   Next: 31%
Magic:  16/16      EV:  6    Int: 10    God:    Gozag
Gold:   932        SH:  8    Dex: 11    Spells: 15/15 levels left

rFire    + . .     SeeInvis +   e - +1 morningstar (protect)
rCold    + + +     Gourm    .   S - +3 warlock's mirror {reflect}
rNeg     + . .     Faith    .   C - +12 crystal plate armour "Hiech" {rC+ rN+ rCorr Int+3}
rPois    .         Spirit   .   v - +1 helmet {SInv}
rElec    .         Reflect  +   l - scarf {rC+ rF+}
rCorr    +         Harm     .   w - +0 pair of gloves
MR       ++...                  (no barding)
Stlth    ..........             n - amulet of regeneration {+regen, !d}
HPRegen  1.14/turn              I - ring of protection from magic {MR+, !d}
MPRegen  0.15/turn              E - ring of see invisible {sInv, !d}

@: lethally poisoned (-11 -> -36), protection aura, very quick
A: large, hooves 3, cold resistance 1, deformed body, speed 2, regeneration 1,
tough skin 3, MP-powered wands
a: Potion Petition, Call Merchant, Bribe Branch, Renounce Religion


You were on level 2 of the Shoals.
You worshipped Gozag.
Gozag was pleased with you.
You were not hungry.

You visited 4 branches of the dungeon, and saw 25 of its levels.
You also visited: Sewer and Ice Cave.

You collected 8966 gold pieces.
You spent 5194 gold pieces at shops.
You paid 2840 gold pieces to Gozag.

Inventory:

Hand Weapons
 a - a +1 whip of flaming
   (You took it off Pikel on level 5 of the Dungeon)
 e - a +1 morningstar of protection (weapon)
   (You bought it in a shop on level 2 of the Orcish Mines)
 M - a +2 mace of holy wrath
   (You took it off an orc on level 1 of the Orcish Mines)
Missiles
 p - a throwing net {=f, !d}
Armour
 l - a scarf of resistance (worn)
   (You found it on level 13 of the Dungeon)
 v - a +1 helmet of see invisible (worn)
   (You bought it in a shop on level 6 of the Dungeon)
 w - a +0 pair of gloves (worn)
   (You found it on level 7 of the Dungeon)
 C - the +12 crystal plate armour "Hiech" (worn) {rC+ rN+ rCorr Int+3}
   (You bought it in a shop on level 2 of the Orcish Mines)

   It affects your intelligence (+3).
   It protects you from cold.
   It protects you from negative energy.
   It provides partial protection from all sources of acid and corrosion.
 S - the +3 warlock's mirror (worn) {reflect}
   (You found it on level 11 of the Dungeon)
Jewellery
 n - an amulet of regeneration (around neck) {+regen, !d}
   (You found it on level 2 of the Dungeon)
 E - a ring of see invisible (right hand) {sInv, !d}
   (You found it on level 6 of the Lair of Beasts)
 I - a ring of protection from magic (left hand) {MR+, !d}
   (You found it on level 2 of the Lair of Beasts)
Wands
 c - a wand of polymorph (7)
   (You took it off a meliai on level 13 of the Dungeon)
 t - a wand of flame (53)
   (You found it on level 6 of the Dungeon)
 J - a wand of digging (3)
   (You found it on level 2 of the Lair of Beasts)
 K - a wand of random effects (18)
   (You found it on level 2 of the Lair of Beasts)
 O - a wand of acid (7)
   (You found it on level 1 of the Shoals)
 R - a wand of paralysis (16)
   (You found it on level 4 of the Lair of Beasts)
Scrolls
 i - 6 scrolls of blinking {!r}
 k - 6 scrolls of remove curse
 o - 4 scrolls of fog
 r - 2 scrolls of amnesia
 s - 4 scrolls of magic mapping {!r}
 u - a scroll of enchant weapon
 y - 2 scrolls of vulnerability {!r!r}
 z - a scroll of fear
 B - 7 scrolls of teleportation
 H - 2 scrolls of immolation {!r}
 N - 4 scrolls of torment {!r}
 U - a scroll of holy word {!r}
Potions
 h - 8 potions of flight
 j - 7 potions of curing
 m - a potion of lignification {!q}
 q - a potion of resistance
 x - a potion of agility
 A - a potion of cancellation
 D - 4 potions of haste
 F - 2 potions of berserk rage {!q}
 G - 7 potions of magic
 Q - a potion of mutation {!q}
Miscellaneous
 L - a fan of gales
   (You found it on level 2 of the Lair of Beasts)
Comestibles
 f - 16 rations


   Skills:
 + Level 13.9 Fighting
 + Level 13.8 Maces & Flails
 + Level 11.0 Armour
 + Level 10.8 Dodging
 - Level 8.0 Shields


You had 15 spell levels left.
You didn't know any spells.
Your spell library contained the following spells:

 Spells                   Type           Power        Failure   Level  Hunger
 Animate Skeleton         Necr           N/A          100%        1    ##.....
 Apportation              Tloc           #.....       100%        1    ##.....
 Beastly Appendage        Tmut           #.....       100%        1    ##.....
 Confusing Touch          Hex            #.....       100%        1    ##.....
 Corona                   Hex            #......      100%        1    ##.....
 Magic Dart               Conj           #...         100%        1    ##.....
 Summon Butterflies       Summ           #.......     100%        1    ##.....
 Summon Small Mammal      Summ           #...         100%        1    ##.....
 Ensorcelled Hibernation  Hex/Ice        #.....       100%        2    ###....
 Searing Ray              Conj           #.....       100%        2    ###....
 Sticks to Snakes         Tmut           #.......     100%        2    ###....
 Call Canine Familiar     Summ           #.......     100%        3    ####...
 Confuse                  Hex            #.......     100%        3    ####...
 Dazzling Spray           Conj/Hex       #.....       100%        3    ####...
 Spider Form              Tmut/Pois      #.........   100%        3    ####...
 Tukima's Dance           Hex            #.......     100%        3    ####...
 Force Lance              Conj/Tloc      #.......     100%        4    #####..
 Fulminant Prism          Conj/Hex       #.........   100%        4    #####..
 Ice Form                 Ice/Tmut       #.......     100%        4    #####..
 Iskenderun's Mystic Bla  Conj           #.......     100%        4    #####..
 Summon Ice Beast         Ice/Summ       #.......     100%        4    #####..
 Blade Hands              Tmut           #.........   100%        5    ######.
 Summon Mana Viper        Hex/Summ       #.......     100%        5    ######.
 Summon Hydra             Summ           #.........   100%        7    #######


Dungeon Overview and Level Annotations

Branches:
Dungeon (15/15)            Temple (0/1) D:6            Lair (6/6) D:8
 Shoals (2/4) Lair:2        Snake (0/4) Lair:3        Slime (0/5) Lair:5
    Orc (2/2) D:12            Elf (0/3) Orc:2        Vaults (0/5) D:14
 Depths (0/5) D:15

Altars:
Cheibriados
Dithmenos
Fedhas
Gozag
Okawaru
Trog
Uskayaw
Vehumet
Wu Jian
Xom
Zin
The Shining One
Jiyva

Shops:
D:6 [[   D:8 !   D:9 [   D:14 %   Orc:1 :*   Orc:2 *(=(   Lair:5 *

Annotations:
D:4 3 runed translucent doors, Sassenached's ghost, amateur DrFE
D:5 2 runed translucent doors, PeterLawrence's ghost, novice MiFi
D:12 1 runed translucent door, feelmyfire's ghost, journeyman MiWr
Shoals:1 2 transporters, feelmyfire's ghost, adept MiWr
Shoals:2 Aizul


Innate Abilities, Weirdness & Mutations

You have hooves in place of feet.
Armour fits poorly on your strangely shaped body.
You cover ground very quickly.
You have extremely tough skin. (AC +3)
Your flesh is cold resistant. (rC+)
Your natural rate of healing is unusually fast.
You expend magic power (3 MP) to strengthen your wands.


Message History

The poison arrow hits Aizul!
Aizul partially resists.
Aizul is poisoned.
You hit Aizul but do no damage. You kick Aizul. You block Aizul's attack.
You barely miss Aizul. You kick Aizul, but do no damage. Aizul hits you.
You take 2 damage, and have 115/145 hp.
You hit Aizul. You burn Aizul. Your kick misses Aizul. You hit Aizul.
You burn Aizul. You kick Aizul. You block Aizul's attack.
You whack Aizul! You burn Aizul. Your kick misses Aizul. Aizul hits you.
You take 4 damage, and have 112/145 hp.
You completely miss Aizul. Your kick misses Aizul. You closely miss Aizul.
Aizul hits you but does no damage.
You closely miss Aizul. Your kick misses Aizul.
Aizul hits you but does no damage.
You miss Aizul. Your kick misses Aizul. Aizul hits you!
You take 7 damage, and have 107/145 hp.
Your crystal plate armour "Hiech" prevents you from hitting Aizul.
Your kick misses Aizul. You hit Aizul but do no damage.
You block Aizul's attack.
You completely miss Aizul. Your kick misses Aizul. Aizul barely misses you.
You hit Aizul but do no damage. Aizul hits you but does no damage.
You hit Aizul but do no damage. You closely miss Aizul. You kick Aizul.
Aizul coils herself and waves her upper body at you.
The bolt of poison hits you!!
You are poisoned.
You take 20 damage, and have 90/145 hp.
Unknown command.
You whack Aizul! You burn Aizul.
You feel sick. Aizul barely misses you.
You miss Aizul. Your kick misses Aizul.
You feel sick. Aizul casts a spell at you. The bolt of poison misses you.
You take 1 damage, and have 89/145 hp.
You miss Aizul. You kick Aizul, but do no damage. You whack Aizul!
You burn Aizul.
You feel sick. Aizul casts a spell at you. The bolt of poison hits you.
You are more poisoned.
You take 6 damage, and have 84/145 hp.
Your crystal plate armour "Hiech" prevents you from hitting Aizul.
You feel sick. Aizul barely misses you.
You miss Aizul. Your kick misses Aizul.
You feel sick. Aizul hits you but does no damage.
You closely miss Aizul. You kick Aizul!
You feel sick.
You take 1 damage, and have 83/145 hp.
You hit Aizul but do no damage.
You feel sick. Aizul hits you but does no damage.
You hit Aizul but do no damage.
You feel sick. Aizul completely misses you.
You take 1 damage, and have 82/145 hp.
You barely miss Aizul. You kick Aizul!
You feel sick. Aizul hits you but does no damage.
You miss Aizul. Your kick misses Aizul.
You feel sick.
You take 1 damage, and have 81/145 hp.
Your crystal plate armour "Hiech" prevents you from hitting Aizul.
Your kick misses Aizul.
You feel sick. Aizul hits you but does no damage.
You hit Aizul. You burn Aizul. Your kick misses Aizul.
You feel sick.
Aizul coils herself and waves her upper body at you.
The bolt of poison hits you but does no damage.
You are more poisoned.
Unknown command.
Unknown command.
Your crystal plate armour "Hiech" prevents you from hitting Aizul.
Your kick misses Aizul.
You feel sick. Aizul hits you but does no damage.
You take 1 damage, and have 80/145 hp.
You miss Aizul.
You feel sick.
You take 1 damage, and have 79/145 hp.
You hit Aizul. You burn Aizul. Your kick misses Aizul.
You feel sick. Aizul casts a spell at you. The poison arrow hits you!!
You are more poisoned.
You take 25 damage, and have 54/145 hp.
Unknown command.
Unknown command.
Wield which item (- for none, * to show all)? (? for menu, Esc to quit)
Your +1 whip of flaming stops flaming.
Your +1 morningstar of protection hums with potential!
e - a +1 morningstar of protection (weapon)
You feel sick. You block Aizul's attack.
You take 1 damage, and have 53/145 hp.
You puncture Aizul!
Your weapon exudes an aura of protection.
You feel very sick.
Aizul coils herself and waves her upper body at you.
The bolt of poison misses you.
You take 2 damage, and have 51/145 hp.
You closely miss Aizul. Your kick misses Aizul.
You feel very sick. Aizul hits you.
You take 3 damage, and have 48/145 hp.
You completely miss Aizul. You kick Aizul!
You feel very sick.
Aizul looks more healthy.
Aizul hits you!
* * * LOW HITPOINT WARNING * * *
You take 11 damage, and have 37/145 hp.
You hit Aizul. Your kick misses Aizul.
You feel very sick. Aizul closely misses you.
Aizul coils herself and waves her upper body at you.
The poison arrow hits you!!!
You are more poisoned.
You die...
Your body crumbles into a pile of gold.

...#
#.................(.≈≈..≈≈≈
...#
#...........≈...<...≈≈..≈≈≈
#..#
#...........≈≈....≈(≈≈≈..≈≈
##.#
....[..............≈≈≈≈≈≈≈≈
#..
...............##...≈≈≈≈≈≈≈
#.
≈≈..............##..≈≈≈≈≈≈≈
........##..........≈≈≈≈≈≈≈
.....#.##..PP.......≈≈≈≈≈≈≈
.......P.@..#........≈≈≈≈≈
.≈..≈≈..S≈.#.....≈≈≈≈.≈≈≈
PP≈≈≈..≈≈......
P≈P≈....≈.#...≈
≈≈P≈..PPP...≈≈≈
≈≈≈≈≈≈PPPP≈≈≈≈≈
PP≈≈≈≈≈P≈P≈≈≈≈≈
≈P≈PP≈P≈≈≈≈≈≈≈


You could see Aizul.

Vanquished Creatures
  Kirke (Lair:4)
  A frost giant (IceCv)
  Louise (D:14)
  A dire elephant (Lair:6)
  4 hydras
  An ogre mage (Orc:1)
  2 vault guards (D:14)
  An ice dragon (D:14)
  A rakshasa (D:13)
  2 catoblepae
  6 two-headed ogres
  2 death knights (D:14)
  4 centaur warriors
  4 death yaks (Lair:6)
  A satyr (Shoals:1)
  2 tengu warriors (D:15)
  A vampire mage (D:15)
  A deep troll shaman (Lair:6)
  6 orc high priests
  Sonja (Lair:6)
  3 skeletal warriors
  3 sea snakes
  4 unseen horrors
  10 wizards
  9 orc knights
  Pikel (D:5)
  6 harpies
  2 orc sorcerers
  A deep elf mage (D:14)
  4 fauns
  4 necromancers
  4 cyclopes
  2 oklob plants
  22 ugly things
  3 manticores (Shoals:1)
  A frost giant zombie (D:15)
  Joseph (D:7)
  3 centaur zombies
  8 elephants
  2 water nymphs
  4 merfolk sirens
  An ice statue (IceCv)
  7 black mambas
  A torpor snail (Lair:2)
  8 spiny frogs
  2 rime drakes
  A gargoyle (D:11)
  A yaktaur (D:15)
  4 komodo dragons
  2 freezing wraiths (D:14)
  A yaktaur zombie (D:15)
  An efreet (D:15)
  A komodo dragon (shapeshifter) (D:13)
  3 meliai (D:13)
  3 trolls
  21 polar bears
  3 merfolk
  2 wind drakes
  A hornet (D:13)
  Grinder (D:6)
  4 hippogriffs
  3 snapping turtles (Shoals:1)
  15 dream sheep
  Sigmund (D:6)
  2 spriggan skeletons (D:15)
  Eustachio (D:5)
  A vampire (D:12)
  2 wraiths
  6 wyverns
  A tarantella (shapeshifter) (D:14)
  16 humans
  2 hogs (D:10)
  53 yaks
  2 basilisks
  3 hungry ghosts
  8 vampire mosquitoes
  A soldier ant (D:12)
  A warg (D:12)
  An acid dragon (D:14)
  9 porcupines
  27 water moccasins
  Duvessa (D:5)
  6 ice beasts
  4 sky beasts
  39 orc warriors
  4 black bears
  An eye of draining (D:10)
  23 wolves
  5 ogres
  A necrophage (D:7)
  14 centaurs
  5 crocodiles
  4 big kobolds
  Blork the orc (D:6)
  17 bullfrogs
  A wyvern zombie (D:14)
  Dowan (D:5)
  A wyvern skeleton (D:8)
  A hornet simulacrum (D:15)
  6 scorpions
  5 killer bees (D:13)
  3 electric eels (Lair:2)
  4 howler monkeys
  9 crimson imps
  A bullfrog skeleton (D:13)
  A bullfrog zombie (D:12)
  4 jellies
  7 hounds
  A centaur skeleton (D:8)
  30 orc priests
  24 orc wizards
  4 iguanas
  14 worker ants
  A hound zombie (D:5)
  2 worker ant zombies
  A howler monkey skeleton (D:8)
  18 adders
  2 river rats (Sewer)
  3 shadow imps
  An adder zombie (D:3)
  An adder skeleton (D:8)
  2 worms
  2 dart slugs
  7 leopard geckos
  69 orcs
  2 ball pythons
  5 bats
  3 giant cockroaches
  7 goblins
  6 hobgoblins
  21 jackals
  21 kobolds
  6 quokkas
  8 frilled lizards
  A jackal skeleton (D:4)
  A leopard gecko skeleton (D:8)
  4 quokka skeletons
  13 rats
  A plant (Lair:4)
813 creatures vanquished.

Vanquished Creatures (others)
  Erica (Orc:1)
  3 humans (Lair:4)
  An ogre (D:14)
  3 centaurs
  7 fungi (Lair:6)
  6 plants
21 creatures vanquished.

Grand Total: 834 creatures vanquished

Notes
Turn   | Place    | Note
-------+----------+-------------------------------------------
     0 | D:1      | mhoghedin the Centaur Fighter began the quest for the Orb.
     0 | D:1      | Reached XP level 1. HP: 19/19 MP: 1/1
   138 | D:1      | Found a snail-covered altar of Cheibriados.
   169 | D:1      | Reached XP level 2. HP: 13/26 MP: 2/2
   170 | D:1      | Reached skill level 2 in Maces & Flails
   685 | D:2      | Found a faded altar of an unknown god.
   692 | D:2      | Reached XP level 3. HP: 26/31 MP: 3/3
  1106 | D:2      | Became a worshipper of Gozag Ym Sagoz the Greedy
  1152 | D:2      | Reached skill level 1 in Dodging
  1166 | D:2      | Found a glowing silver altar of Zin.
  1171 | D:2      | Reached XP level 4. HP: 38/38 MP: 4/4
  1974 | D:3      | Reached XP level 5. HP: 45/45 MP: 5/5
  2353 | D:4      | Reached skill level 4 in Fighting
  2353 | D:4      | Reached skill level 3 in Shields
  2559 | D:4      | Reached skill level 3 in Maces & Flails
  2559 | D:4      | Reached XP level 6. HP: 52/52 MP: 6/6
  2696 | D:4      | Found a runed translucent gate.
  2696 | D:4      | Found a runed translucent gate.
  2696 | D:4      | Found a runed translucent gate.
  2696 | D:4      | Noticed Sassenached's ghost (amateur DrFE)
  2968 | D:4      | Found an iron altar of Okawaru.
  3033 | D:5      | Entered Level 5 of the Dungeon
  3053 | D:5      | Reached skill level 3 in Armour
  3090 | D:5      | Found a glowing drain.
  3137 | D:5      | Noticed a sky beast
  3161 | D:5      | Killed a sky beast
  3161 | D:5      | Reached skill level 2 in Dodging
  3194 | Sewer    | Entered a sewer
  3269 | Sewer    | Reached XP level 7. HP: 58/60 MP: 7/7
  3296 | Sewer    | Found a glowing silver altar of Zin.
  3413 | D:5      | Noticed Duvessa
  3414 | D:5      | Noticed Dowan
  3426 | D:5      | Killed Duvessa
  3428 | D:5      | Killed Dowan
  3474 | D:5      | Found a runed translucent door.
  3475 | D:5      | Noticed PeterLawrence's ghost (novice MiFi)
  3657 | D:5      | Noticed Pikel
  3726 | D:5      | Killed Pikel
  3726 | D:5      | Reached skill level 5 in Fighting
  3726 | D:5      | Reached skill level 4 in Maces & Flails
  3726 | D:5      | Reached skill level 4 in Armour
  3726 | D:5      | Reached skill level 3 in Dodging
  3726 | D:5      | Reached skill level 4 in Shields
  3726 | D:5      | Reached XP level 8. HP: 28/68 MP: 8/8
  3818 | D:5      | Got a smoking scale mail
  3829 | D:5      | Identified the +7 scale mail of Protective Custody {rC-
                  | MR+++ rCorr} (You found it on level 5 of the Dungeon)
  3865 | D:5      | Noticed Eustachio
  3885 | D:5      | Killed Eustachio
  3909 | D:5      | Found a runed translucent door.
  4471 | D:6      | Noticed Grinder
  4540 | D:6      | Killed Grinder
  4540 | D:6      | Reached skill level 6 in Fighting
  4540 | D:6      | Reached skill level 5 in Maces & Flails
  4576 | D:6      | Reached XP level 9. HP: 33/75 MP: 9/9
  4778 | D:6      | Found a hide-covered altar of Uskayaw.
  4779 | D:6      | Found Igudedig's Armour Shoppe.
  4840 | D:6      | Found a radiant altar of Vehumet.
  4877 | D:6      | Found a staircase to the Ecumenical Temple.
  5176 | D:6      | Noticed Blork the orc
  5177 | D:6      | Noticed Sigmund
  5189 | D:6      | Killed Blork the orc
  5196 | D:6      | Killed Sigmund
  5196 | D:6      | Reached skill level 4 in Dodging
  5207 | D:6      | Bought a pitted scale mail for 243 gold pieces
  5217 | D:6      | Identified the cursed +1 scale mail "Tiots" {rC++ rN+} (You
                  | bought it in a shop on level 6 of the Dungeon)
  5217 | D:6      | Bought a glowing helmet for 202 gold pieces
  5555 | D:7      | Noticed Joseph
  5572 | D:7      | Killed Joseph
  5572 | D:7      | Reached skill level 5 in Armour
  5572 | D:7      | Reached skill level 5 in Shields
  6055 | D:7      | Found a blossoming altar of Fedhas.
  6055 | D:7      | Found a shadowy altar of Dithmenos.
  6401 | D:8      | Reached skill level 7 in Fighting
  6413 | D:8      | Got a scorched ring mail
  6427 | D:8      | Reached skill level 6 in Maces & Flails
  6439 | D:8      | Identified the cursed +0 ring mail of Greater Demons
                  | {Str+8} (You found it on level 8 of the Dungeon)
  6656 | D:8      | Found a staircase to the Lair.
  6699 | D:8      | Reached XP level 10. HP: 80/86 MP: 10/10
  7001 | D:8      | Found Tuah's Distillery.
  7124 | D:9      | Reached skill level 5 in Dodging
  8134 | D:9      | Found an ornate altar of the Wu Jian Council.
  8134 | D:9      | Found an opulent altar of Gozag.
  8507 | D:10     | Entered Level 10 of the Dungeon
  8531 | D:10     | Noticed a red ugly thing
  8591 | D:10     | Reached skill level 6 in Shields
  8609 | D:10     | Reached skill level 6 in Armour
  8760 | D:10     | Reached skill level 8 in Fighting
  8929 | D:10     | Killed a red ugly thing
  8929 | D:10     | Reached skill level 7 in Maces & Flails
  9260 | D:10     | Reached XP level 11. HP: 92/94 MP: 11/11
  9586 | D:11     | Noticed a purple ugly thing
  9702 | Lair:1   | Entered Level 1 of the Lair of Beasts
 10122 | Lair:1   | Reached skill level 6 in Dodging
 11045 | Lair:2   | Reached skill level 9 in Fighting
 11222 | Lair:2   | Reached skill level 8 in Maces & Flails
 11224 | Lair:2   | HP: 23/97 [poisoned by a spiny frog]
 11229 | Lair:2   | HP: 22/97 [poisoned by a spiny frog]
 11235 | Lair:2   | HP: 21/97 [poisoned by a spiny frog]
 11241 | Lair:2   | HP: 21/97 [poisoned by a spiny frog]
 11247 | Lair:2   | HP: 21/97 [poisoned by a spiny frog]
 11256 | Lair:2   | HP: 24/97 [poisoned by a spiny frog]
 11444 | Lair:2   | Found a staircase to the Shoals.
 11476 | Lair:2   | Reached skill level 7 in Shields
 12131 | Lair:3   | Found a staircase to the Snake Pit.
 12182 | Lair:3   | Reached skill level 9 in Maces & Flails
 12448 | Lair:3   | Reached XP level 12. HP: 70/104 MP: 12/12
 12509 | Lair:3   | Reached skill level 10 in Maces & Flails
 13166 | D:9      | Bought the +2 scale mail "Daukurr" {Regen+ Str+7} for 499
                  | gold pieces
 13367 | Lair:4   | Noticed Kirke
 13685 | Lair:4   | Killed Kirke
 13685 | Lair:4   | Reached skill level 11 in Maces & Flails
 14075 | Lair:4   | Reached skill level 12 in Maces & Flails
 14357 | Lair:4   | Noticed a catoblepas
 14382 | Lair:4   | Killed a catoblepas
 14819 | Lair:5   | Found a viscous altar of Jiyva.
 14820 | Lair:5   | Found a staircase to the Slime Pits.
 15225 | Lair:6   | Entered Level 6 of the Lair of Beasts
 15225 | Lair:6   | Noticed an eight-headed hydra
 15235 | Lair:5   | Killed an eight-headed hydra
 15285 | Lair:5   | Reached skill level 13 in Maces & Flails
 15376 | Lair:6   | Reached XP level 13. HP: 92/111 MP: 13/13
 15739 | Lair:6   | Reached skill level 7 in Armour
 15753 | Lair:6   | HP: 22/111 [yak (7)]
 15758 | Lair:6   | HP: 21/111 [poisoned by a black mamba]
 15763 | Lair:6   | HP: 22/111 [poisoned by a black mamba]
 15768 | Lair:6   | HP: 25/111 [poisoned by a black mamba]
 16353 | Lair:6   | Noticed Sonja
 16358 | Lair:6   | Killed Sonja
 16534 | Lair:6   | Reached skill level 7 in Dodging
 16824 | Lair:6   | Noticed a dire elephant
 16862 | Lair:6   | Killed a dire elephant
 16905 | Lair:6   | Reached skill level 10 in Fighting
 17396 | D:11     | Paralysed by a wizard for 7 turns
 17519 | D:11     | Reached skill level 8 in Shields
 17538 | D:11     | Found the +3 warlock's mirror {reflect}
 17668 | D:11     | Reached skill level 8 in Armour
 17668 | D:11     | Reached XP level 14. HP: 122/122 MP: 14/14
 17954 | D:12     | Found a staircase to the Orcish Mines.
 18449 | D:12     | Reached skill level 8 in Dodging
 18488 | D:12     | Found a runed translucent door.
 18488 | D:12     | Found a shimmering altar of Xom.
 18488 | D:12     | Noticed feelmyfire's ghost (journeyman MiWr)
 19072 | D:6      | Bought polished ice dragon scales for 1755 gold pieces
 19082 | D:6      | Identified the +8 ice dragon scales "Pihokh" {rElec rPois
                  | rF- rC++ Str+4} (You bought it in a shop on level 6 of the
                  | Dungeon)
 19383 | D:13     | Found an opulent altar of Gozag.
 19665 | D:13     | HP: 25/122 [meliai/divine providence (8)]
 19672 | D:13     | HP: 3/122 [meliai/divine providence (16)]
 19821 | D:13     | Reached skill level 11 in Fighting
 20329 | D:14     | Noticed Louise
 20803 | D:14     | Found a frozen archway.
 20820 | D:14     | HP: 46/186 [death knight/+3 battleaxe of freezing (5)]
 20864 | D:14     | HP: 45/186 [polar bear (8)]
 20873 | D:14     | HP: 39/186 [polar bear (8)]
 20897 | D:14     | HP: 41/186 [ice dragon (8)]
 20916 | D:14     | HP: 34/186 [polar bear (3)]
 20942 | D:14     | HP: 20/124 [Louise/+3 demon trident of freezing (10)]
 20946 | D:14     | Killed Louise
 20946 | D:14     | Reached skill level 9 in Armour
 20954 | IceCv    | Entered an ice cave
 20972 | IceCv    | HP: 27/124 [wolf (6)]
 21670 | IceCv    | Noticed a frost giant
 21708 | IceCv    | Killed a frost giant
 21708 | IceCv    | Reached skill level 9 in Dodging
 22486 | D:14     | Reached skill level 12 in Fighting
 22572 | D:14     | You fall through a shaft!
 22572 | D:15     | Entered Level 15 of the Dungeon
 22581 | D:15     | Reached XP level 15. HP: 128/132 MP: 15/15
 22913 | D:15     | Found a glowing golden altar of the Shining One.
 22930 | D:15     | Found a staircase to the Depths.
 23003 | D:15     | HP: 28/133 [yaktaur captain zombie (11)]
 23031 | D:15     | HP: 32/133 [efreet/fireball (8)]
 23037 | D:15     | HP: 27/133 [efreet/fireball (9)]
 23042 | D:15     | HP: 26/133 [efreet/fireball (3)]
 23792 | D:14     | Reached skill level 10 in Armour
 23863 | D:14     | Found a gate to the Vaults.
 24131 | D:14     | Found Eqaar's Food Boutique.
 24485 | D:15     | Reached skill level 10 in Dodging
 25009 | Orc:1    | Entered Level 1 of the Orcish Mines
 25167 | Orc:2    | Entered Level 2 of the Orcish Mines
 25300 | Orc:1    | Reached skill level 13 in Fighting
 25522 | Orc:2    | Found a staircase to the Elven Halls.
 26105 | Orc:1    | HP: 33/135 [orc/+2 mace of holy wrath (13)]
 26855 | Orc:1    | Noticed Erica
 28918 | Orc:2    | Found Nyuqok's Antique Weapon Shop.
 28921 | Orc:2    | Found Jila's Weapon Boutique.
 28922 | Orc:2    | Found Faeptur's General Store.
 28923 | Orc:2    | Found Xeamesm's Jewellery Shop.
 28926 | Orc:2    | Bought the +12 crystal plate armour "Hiech" {rC+ rN+ rCorr
                  | Int+3} for 2292 gold pieces
 28947 | Orc:2    | Bought a glowing morningstar for 203 gold pieces
 28949 | Orc:2    | Gained mutation: Your body sometimes deteriorates upon
                  | taking damage. [potion of mutation]
 28949 | Orc:2    | Gained mutation: You have an increased reservoir of magic.
                  | (+10% MP) [potion of mutation]
 28949 | Orc:2    | Gained mutation: Your natural rate of healing is unusually
                  | fast. [potion of mutation]
 28950 | Orc:2    | Lost mutation: Your body sometimes deteriorates upon taking
                  | damage. [potion of mutation]
 28950 | Orc:2    | Lost mutation: You have an increased reservoir of magic.
                  | (+10% MP) [potion of mutation]
 28950 | Orc:2    | Gained mutation: You expend magic power (3 MP) to
                  | strengthen your wands. [potion of mutation]
 28950 | Orc:2    | Gained mutation: Your flesh is cold resistant. (rC+)
                  | [potion of mutation]
 29045 | Orc:1    | Reached XP level 16. HP: 76/144 MP: 16/16
 29068 | Orc:1    | Killed Erica
 29109 | Orc:1    | Found Alleruk's Assorted Antiques.
 29162 | Orc:1    | Found Qurhyu Ugee's Book Emporium.
 29482 | Shoals:1 | Entered Level 1 of the Shoals
 29529 | Shoals:1 | Found a shimmering altar of Xom.
 29690 | Shoals:1 | Noticed feelmyfire's ghost (adept MiWr)
 29691 | Shoals:1 | Identified the +8 trident of Qiece {chaos, rF+ Int+6 Dex-3
                  | SInv}
 29714 | Shoals:1 | Found a transporter.
 29997 | Shoals:1 | Found a transporter.
 30001 | Shoals:1 | Identified the +6 trident "Orryffer" {flame, Int+6}
 30001 | Shoals:1 | Identified the +7 chain mail of the Little Devil {+Inv rF++
                  | Int-4 SInv}
 30002 | Shoals:1 | Found a bloodstained altar of Trog.
 30269 | Shoals:2 | Reached skill level 11 in Armour
 30286 | Shoals:2 | HP: 27/145 [water nymph/the raging water (24)]
 30287 | Shoals:2 | HP: 3/145 [wind drake/the air (22)]
 30292 | Shoals:2 | HP: 10/145 [drowned by a water nymph (9)]
 30683 | Shoals:2 | Noticed Aizul
 30724 | Shoals:2 | HP: 34/145 [poisoned by Aizul (poison arrow)]
 30724 | Shoals:2 | Killed from afar by Aizul

Levels and vault maps discovered:
D:1:      denvon_arrival_planthouse, layout_rooms, st_stairs_8,
          cheibriados_altar_1
D:2:      layout_loops_ring, lemuel_round_altar,
          chequers_ecumenical_altar_island, first_ration, minmay_strange_pillars
D:3:      minmay_evil_eye, layout_rooms, kennysheep_generic_room_2
D:4:      layout_basic, kennysheep_okawaru_gauntlet, ebering_ghost_rock_garden
D:5:      layout_basic, ebering_ghost_sewer_f, cheibrodos_sewer_entry_sluice,
          uniq_duvessa, uniq_pikel, uniq_eustachio
D:6:      layout_basic, nicolae_overflow_crystal_walls,
          eat_drink_and_be_merry_uskayaw, temple_green, serial_shops, shop,
          chequers_jeans, minmay_lizard_king, uniq_grinder, uniq_sigmund,
          uniq_blork_the_orc
D:7:      layout_basic, gammafunk_temple_overflow_elements, uniq_joseph
D:8:      cheibrodos_barr_body, layout_rooms, dpeg_oklobed_lair, serial_shops,
          shop
D:9:      layout_stronghold, amethyst_overflow_temple_binary
D:10:     layout_roguey, grunt_livestock
D:11:     minmay_smoke_and_mirrors, layout_rooms
D:12:     layout_long_grid, david_orc_3, ebering_ghost_xom,
          minmay_stone_trees_medium, nicolae_wwwww
D:13:     layout_rooms, nicolae_gozag_cash_rules_everything_around_me
D:14:     layout_rooms, grunt_vaults_entry_tiered, minivault_26,
          portal_ice_cave_entry_animals_and_master, serial_shops,
          kennysheep_mini_moat, uniq_louise
D:15:     gammafunk_depths_entry_grave, layout_basic,
          minmay_misc_feat_secret_circle, tso_metal_star
Lair:1:   layout_gridlike
Lair:2:   layout_regular_city, elwin_shoals_entry_rooms, wad_woods_river_02,
          nicolae_quartered_pool_super
Lair:3:   layout_cave_pods, minmay_snake_entry_six_corridors,
          minmay_stone_trees_small
Lair:4:   layout_regular_city, minmay_lair_oklob_items, uniq_kirke
Lair:5:   layout_concentric_octagons, dpeg_slime_entry_enclosed_altar,
          chequers_serial_rivers_marsh, lemuel_fruit_tree
Lair:6:   grunt_lair_end_beastmaster, layout_loops_ring, st_stairs_5,
          infiniplex_staircase_pool, uniq_sonja
Shoals:1: layout_shoals, gammafunk_ghost_wrathful_warriors, lemuel_oklob_altar
Shoals:2: layout_shoals, uniq_aizul
Orc:1:    layout_diamond_mine, serial_shops, nicolae_shop_statue_plus, shop,
          shop, nicolae_shop_crystal, uniq_erica
Orc:2:    st_orc_pillars, layout_diamond_mine
Sewer:    sewer_kobolds
IceCv:    ice_cave_small_giant

Skill      XL: |  1  2  3  4  5  6  7  8  9 10 11 12 13 14 15 16 |
---------------+-------------------------------------------------+-----
Maces & Flails | 2 3 4 5 6 7 9 13 | 13.8
Dodging        | 1 2 3 4 5 6 7 9 10 | 10.8
Fighting       | 4 5 6 7 8 9 10 12 13 | 13.9
Shields        | 3 4 5 6 7 8 |  8.0
Armour         | 3 4 5 6 8 9 10 11 | 11.0

Action                   |  1- 3 |  4- 6 |  7- 9 | 10-12 | 13-15 | 16-18 || total
-------------------------+-------+-------+-------+-------+-------+-------++-------
Melee: Flail             |   102 |   219 |    78 |       |       |       ||   399
       Kick              |     9 |    46 |   120 |   463 |  1148 |   108 ||  1894
       Whip              |       |       |   341 |  1427 |  2944 |    53 ||  4765
       Morningstar       |       |       |       |       |    34 |   244 ||   278
Invok: Potion Petition   |       |       |     1 |       |     1 |     1 ||     3
       Call Merchant     |       |       |     1 |     2 |       |       ||     3
Evoke: Wand              |       |       |       |     9 |    12 |     1 ||    22
  Use: Potion            |       |     1 |     4 |     4 |    17 |     5 ||    31
       Scroll            |       |    10 |     7 |    10 |    14 |     3 ||    44
 Stab: Distracted        |       |       |       |     6 |     3 |       ||     9
       Petrified         |       |       |       |       |     8 |       ||     8
       Petrifying        |       |       |       |       |     3 |       ||     3
       Invisible         |       |       |       |       |     7 |       ||     7
  Eat: Ration            |       |     2 |     3 |     8 |    13 |     2 ||    28
Armor: Scale mail        |    62 |    99 |   146 |   372 |   289 |       ||   968
       Skin              |       |       |       |    38 |    48 |       ||    86
       Ice dragon scales |       |       |       |       |   376 |       ||   376
       Crystal plate arm |       |       |       |       |    30 |   288 ||   318
Dodge: Dodged            |    26 |    63 |    66 |   264 |   653 |    77 ||  1149
Block: Shield            |    51 |   120 |   189 |   565 |   148 |       ||  1073
       Reflection        |       |       |    10 |     1 |    30 |    17 ||    58
       Buckler           |       |       |       |       |   591 |   148 ||   739

Table legend:
 A = Non-vault XP
 B = Vault XP
 C = Vault XP percentage of total XP
 D = Non-vault monster count
 E = Vault monster count
 F = Vault count percentage of total count
                 A         B        C        D         E       F
            +---------+---------+-------+---------+---------+-------
      Total |  107564 |   65225 |  37.7 |     569 |     247 |  30.3
            +---------+---------+-------+---------+---------+-------
        D:1 |      35 |       1 |   2.8 |      19 |       1 |   5.0
        D:2 |      62 |       0 |   0.0 |      14 |       0 |   0.0
        D:3 |     130 |      21 |  13.9 |      32 |       6 |  15.8
        D:4 |     177 |       0 |   0.0 |      12 |       0 |   0.0
        D:5 |     425 |    1033 |  70.9 |      16 |       6 |  27.3
        D:6 |     596 |     641 |  51.8 |      18 |      10 |  35.7
        D:7 |    1143 |     475 |  29.4 |      14 |       1 |   6.7
        D:8 |    1020 |     624 |  38.0 |      24 |      11 |  31.4
        D:9 |    1604 |       0 |   0.0 |      26 |       0 |   0.0
       D:10 |    3083 |    1020 |  24.9 |      28 |       5 |  15.2
       D:11 |    4262 |    4207 |  49.7 |      31 |       6 |  16.2
       D:12 |    8405 |     445 |   5.0 |      29 |       5 |  14.7
       D:13 |    4742 |       0 |   0.0 |      25 |       0 |   0.0
       D:14 |   16253 |   12839 |  44.1 |      47 |      34 |  42.0
       D:15 |   10154 |    4388 |  30.2 |      25 |       8 |  24.2
     Lair:1 |    2503 |       0 |   0.0 |      12 |       0 |   0.0
     Lair:2 |    3492 |    1113 |  24.2 |      21 |       4 |  16.0
     Lair:3 |    4758 |    1422 |  23.0 |      19 |      13 |  40.6
     Lair:4 |    5472 |    2640 |  32.5 |      23 |       2 |   8.0
     Lair:5 |    3656 |       0 |   0.0 |      12 |       0 |   0.0
     Lair:6 |    9004 |   10647 |  54.2 |      33 |      19 |  36.5
   Shoals:1 |   11276 |     572 |   4.8 |      26 |       1 |   3.7
   Shoals:2 |    5377 |       0 |   0.0 |      12 |       0 |   0.0
      Orc:1 |    7818 |    2681 |  25.5 |      32 |       9 |  22.0
      Orc:2 |    2117 |   10638 |  83.4 |      19 |      58 |  75.3
      Sewer |       0 |     139 | 100.0 |       0 |      12 | 100.0
      IceCv |       0 |    9679 | 100.0 |       0 |      36 | 100.0
            +---------+---------+-------+---------+---------+-------

Levels and vault maps discovered:
D:1:      denvon_arrival_planthouse, layout_rooms, st_stairs_8,
          cheibriados_altar_1
D:2:      layout_loops_ring, lemuel_round_altar,
          chequers_ecumenical_altar_island, first_ration, minmay_strange_pillars
D:3:      minmay_evil_eye, layout_rooms, kennysheep_generic_room_2
D:4:      layout_basic, kennysheep_okawaru_gauntlet, ebering_ghost_rock_garden
D:5:      layout_basic, ebering_ghost_sewer_f, cheibrodos_sewer_entry_sluice,
          uniq_duvessa, uniq_pikel, uniq_eustachio
D:6:      layout_basic, nicolae_overflow_crystal_walls,
          eat_drink_and_be_merry_uskayaw, temple_green, serial_shops, shop,
          chequers_jeans, minmay_lizard_king, uniq_grinder, uniq_sigmund,
          uniq_blork_the_orc
D:7:      layout_basic, gammafunk_temple_overflow_elements, uniq_joseph
D:8:      cheibrodos_barr_body, layout_rooms, dpeg_oklobed_lair, serial_shops,
          shop
D:9:      layout_stronghold, amethyst_overflow_temple_binary
D:10:     layout_roguey, grunt_livestock
D:11:     minmay_smoke_and_mirrors, layout_rooms
D:12:     layout_long_grid, david_orc_3, ebering_ghost_xom,
          minmay_stone_trees_medium, nicolae_wwwww
D:13:     layout_rooms, nicolae_gozag_cash_rules_everything_around_me
D:14:     layout_rooms, grunt_vaults_entry_tiered, minivault_26,
          portal_ice_cave_entry_animals_and_master, serial_shops,
          kennysheep_mini_moat, uniq_louise
D:15:     gammafunk_depths_entry_grave, layout_basic,
          minmay_misc_feat_secret_circle, tso_metal_star
Lair:1:   layout_gridlike
Lair:2:   layout_regular_city, elwin_shoals_entry_rooms, wad_woods_river_02,
          nicolae_quartered_pool_super
Lair:3:   layout_cave_pods, minmay_snake_entry_six_corridors,
          minmay_stone_trees_small
Lair:4:   layout_regular_city, minmay_lair_oklob_items, uniq_kirke
Lair:5:   layout_concentric_octagons, dpeg_slime_entry_enclosed_altar,
          chequers_serial_rivers_marsh, lemuel_fruit_tree
Lair:6:   grunt_lair_end_beastmaster, layout_loops_ring, st_stairs_5,
          infiniplex_staircase_pool, uniq_sonja
Shoals:1: layout_shoals, gammafunk_ghost_wrathful_warriors, lemuel_oklob_altar
Shoals:2: layout_shoals, uniq_aizul
Orc:1:    layout_diamond_mine, serial_shops, nicolae_shop_statue_plus, shop,
          shop, nicolae_shop_crystal, uniq_erica
Orc:2:    st_orc_pillars, layout_diamond_mine
Sewer:    sewer_kobolds
IceCv:    ice_cave_small_giant

Table legend:
 A = Turns spent in this place as a percentage of turns spent in the entire game.
 B = Non-inter-level travel turns spent in this place as a percentage of non-inter-level travel turns spent in the entire game.
 C = Inter-level travel turns spent in this place as a percentage of turns spent in this place.
 D = Turns resting spent in this place as a percentage of non-inter-level travel turns spent in this place.
 E = Turns spent auto-exploring this place as a percentage of non-inter-level travel turns spent in this place.
 F = Non-inter-level travel turns spent in this place divided by the number of levels of this place that you've seen.
                   A       B       C       D       E      F
               +-------+-------+-------+-------+-------+----------------------
         Total | 100.0 | 100.0 |   8.3 |  19.7 |  47.1 | 1043.7
       Dungeon |  54.5 |  53.4 |  10.1 |  15.6 |  52.6 | 1003.5
          Lair |  23.7 |  23.5 |   9.2 |  16.4 |  52.9 | 1101.5
        Shoals |   4.0 |   4.3 |   2.3 |  24.4 |  37.3 | 607.0
  Orcish Mines |  13.5 |  14.2 |   3.6 |  37.8 |  23.7 | 2006.5
         Sewer |   0.5 |   0.5 |   0.0 |   0.0 |  68.2 | 151.0
      Ice Cave |   3.7 |   4.0 |   0.0 |  26.9 |  29.3 | 1139.0
               +-------+-------+-------+-------+-------+----------------------

Table legend:
 A = Kills in this place as a percentage of kills in entire the game.
 B = Kills by you in this place as a percentage of kills by you in the entire game.
 C = Kills by friends in this place as a percentage of kills by friends in the entire game.
 D = Other kills in this place as a percentage of other kills in the entire game.
 E = Experience gained in this place as a percentage of experience gained in the entire game.
 F = Experience gained in this place divided by the number of levels of this place that you have seen.
                   A       B       C       D       E      F
               +-------+-------+-------+-------+-------+----------------------
         Total | 100.0 | 100.0 |   N/A | 100.0 | 100.0 | 6399.6
       Dungeon |  55.5 |  55.7 |   N/A |  25.0 |  45.0 | 5185.7
          Lair |  19.4 |  19.5 |   N/A |   0.0 |  25.9 | 7451.2
        Shoals |   4.8 |   4.6 |   N/A |  50.0 |  10.0 | 8612.5
  Orcish Mines |  14.5 |  14.4 |   N/A |  25.0 |  13.5 | 11627.0
         Sewer |   1.5 |   1.5 |   N/A |   0.0 |   0.1 | 139.0
      Ice Cave |   4.4 |   4.4 |   N/A |   0.0 |   5.6 | 9679.0
               +-------+-------+-------+-------+-------+----------------------
